 Dungeon Crawl Stone Soup version 0.19-a0-1935-g874f678 (webtiles) character file.

22242 PurpleRed the Severer (level 12, -2/115 HPs)
             Began as a Minotaur Fighter on Oct 26, 2016.
             Was a High Priest of Makhleb.
             Slain by a vault guard
             ... wielding a +2 long sword of venom
              (18 damage)
             ... on level 13 of the Dungeon.
             The game lasted 00:25:34 (9590 turns).

PurpleRed the Severer (Minotaur Fighter)            Turns: 9590, Time: 00:25:35

Health: -2/115     AC: 16    Str: 26    XL:     12   Next: 61%
Magic:  5/11       EV:  6    Int:  5    God:    Makhleb [*****.]
Gold:   492        SH: 10    Dex: 12    Spells: 5 memorised, 3 levels left

rFire  . . .     SeeInvis .     u - +2 war axe
rCold  + . .     Gourm    .     O - +2 chain mail {rC+}
rNeg   . . .     Faith    .     c - +0 shield
rPois  .         Spirit   .     (helmet restricted)
rElec  .         Reflect  .     (no cloak)
rCorr  .         Harm     .     y - +0 pair of gloves {archery}
MR     +....     Clarity  +     (no boots)
Stlth  ..........               o - amulet of regeneration
                                D - ring of protection from magic
                                e - +5 ring of slaying

@: lethally poisoned (-2 -> -8)
A: retaliatory headbutt, horns 2, agile 1, clarity
a: Minor Destruction, Lesser Servant of Makhleb, Major Destruction, Greater
Servant of Makhleb, Renounce Religion


You were on level 13 of the Dungeon.
You worshipped Makhleb.
Makhleb was extremely pleased with you.
You were full.

You visited 2 branches of the dungeon, and saw 14 of its levels.
You also visited: Sewer.

You collected 492 gold pieces.

Inventory:

Hand Weapons
 s - a +0 flail of draining
 u - a +2 war axe (weapon)
Armour
 c - a +0 shield (worn)
 y - a +0 pair of gloves of archery (worn)
 I - a +1 plate armour
 O - a +2 chain mail of cold resistance (worn)
Jewellery
 e - a +5 ring of slaying (left hand)
 h - an uncursed ring of ice
 n - an uncursed ring of resist corrosion
 o - an amulet of regeneration (around neck)
 D - a ring of protection from magic (right hand)
 H - an uncursed ring of flight
 J - an uncursed ring of fire
 L - an uncursed amulet of harm
 U - an uncursed ring of positive energy
Wands
 z - a wand of digging (18/24)
 C - a wand of polymorph (2/24)
 K - a wand of iceblast (10/15)
 M - a wand of digging (16/24)
 Q - a wand of paralysis (15/24)
 R - a wand of disintegration (7/24)
 S - a wand of flame (10/48)
Scrolls
 a - a scroll of fog
 b - 2 scrolls of enchant weapon
 k - 2 scrolls of remove curse
 p - a scroll of magic mapping
 q - 3 scrolls of recharging
 r - 4 scrolls of amnesia
 G - 3 scrolls of blinking
 N - 2 scrolls of teleportation
 V - a scroll of fear
Potions
 d - a potion of might
 g - 3 potions of resistance
 i - 3 potions of lignification
 j - a potion of invisibility
 m - 3 potions of magic
 v - a potion of ambrosia
 w - 4 potions of brilliance
 x - 7 potions of curing
 B - a potion of cure mutation
 E - 2 potions of haste
 F - 3 potions of heal wounds
 P - a potion of berserk rage {unknown}
Comestibles
 f - 8 bread rations
 l - 7 meat rations
 t - 3 fruits
 A - 8 slices of pizza


   Skills:
 + Level 13.0 Fighting
 * Level 17.0 Axes
 + Level 12.7 Armour
 - Level 3.6 Shields


You had 3 spell levels left.
You knew the following spells:

 Your Spells              Type           Power        Failure   Level  Hunger
a - Animate Skeleton      Necr           N/A          100%        1    ##.....
b - Apportation           Tloc           #.........   100%        1    ##.....
c - Blink                 Tloc           N/A          100%        2    ###....
d - Repel Missiles        Chrm/Air       #.....       100%        2    ###....
e - Swiftness             Chrm/Air       #.......     100%        2    ###....


Dungeon Overview and Level Annotations

Branches:
Dungeon (13/15)            Temple (1/1) D:6            Lair (0/6) D:9
    Orc (0/2) D:11
 Vaults: D:13-14

Altars:
Ashenzari
Cheibriados
Dithmenos
Elyvilon
Fedhas
Gozag
Hepliaklqana
Kikubaaqudgha
Makhleb
Nemelex Xobeh
Okawaru
Qazlal
Ru
Sif Muna
Trog
Uskayaw
Vehumet
Xom
Yredelemnul
Zin
The Shining One


Innate Abilities, Weirdness & Mutations

You reflexively headbutt those who attack you in melee.
You have a pair of horns on your head.
You are agile. (Dex +2)
You possess an exceptional clarity of mind.


Message History

Your headbutt misses the vault guard.
The vault guard is severely wounded.
You hit the vault guard.
You hit the vault guard but do no damage.
You feel sick.
The vault guard hits you but does no damage.
The crimson imp blinks!
You closely miss the vault guard. Your headbutt misses the vault guard.
The vault guard is severely wounded.
You closely miss the vault guard. You slash the vault guard!
You feel sick.
The vault guard hits you with a long sword of venom.
The vault guard hits you with a war axe!
You slice the vault guard!!
You headbutt the vault guard, but do no damage.
The vault guard is almost dead.
You hit the vault guard. You closely miss the vault guard.
You feel sick.
The vault guard hits you with a dire flail!!
* * * LOW HITPOINT WARNING * * *
The vault guard hits you with a long sword of venom!!
You die...

#### #..# ....
########..# ....
..........# ..# #
########..# ..# #.#
#..# ..## #...##
#..# ....
......###########..#
.##.
#...p............#
##
##.Cp@...........# #
##op#############


#oZ # #9lo . #...ยง .. #...!. .'..... .#..... You could see 3 vault guards, a
cyclops, a basilisk, a gargoyle, 3 orcs and a meliai zombie.

Vanquished Creatures
  The ghost of PurpleRed the Severer, a journeyman MiFi of Makhleb (D:11)
  2 hydras
  A centaur warrior (D:13)
  2 death yaks
  A skeletal warrior (D:13)
  An unseen horror (D:13)
  2 hill giants (D:12)
  2 ugly things (D:11)
  A deep elf mage (D:12)
  2 manticores
  2 gargoyles
  A komodo dragon (D:13)
  3 trolls
  2 two-headed ogres
  9 slime creatures (D:13)
  3 hippogriffs
  Sigmund (D:4)
  4 wraiths
  15 yaks
  2 wyverns
  A mottled dragon (D:12)
  Duvessa (D:7)
  A water moccasin (D:11)
  A porcupine (D:9)
  A sky beast (D:9)
  3 black bears
  An ice beast (D:7)
  An eye of draining (D:13)
  4 orc warriors
  2 ogres
  3 phantoms
  A necrophage (D:11)
  9 centaurs
  2 big kobolds
  4 bullfrogs
  A gnoll sergeant (D:8)
  3 scorpions
  Dowan (D:7)
  8 wights
  9 killer bees
  5 crimson imps
  2 centaur zombies
  4 hounds
  3 jellies
  6 orc priests
  5 centaur skeletons
  A gnoll shaman (D:8)
  3 bullfrog skeletons
  Ijyb (D:2)
  2 iguanas
  13 worker ants
  11 orc wizards
  A hound skeleton (D:4)
  2 hound zombies
  2 worker ant zombies
  7 gnolls (D:8)
  15 adders
  2 river rats
  6 shadow imps
  3 adder skeletons
  A worm (D:2)
  10 dart slugs (D:3)
  6 leopard geckos
  32 orcs
  4 giant cockroaches
  10 goblins
  5 hobgoblins
  15 jackals
  5 quokkas
  4 ball pythons
  7 bats
  8 frilled lizards
  A jackal zombie (D:8)
  20 kobolds
  6 rats
342 creatures vanquished.

Notes
Turn   | Place    | Note
-------+----------+-------------------------------------------
     0 | D:1      | PurpleRed the Minotaur Fighter began the quest for the Orb.
     0 | D:1      | Reached XP level 1. HP: 19/19 MP: 0/0
   122 | D:1      | Reached skill level 3 in Axes
   122 | D:1      | Reached XP level 2. HP: 23/27 MP: 1/1
   624 | D:2      | Noticed Ijyb
   628 | D:2      | Killed Ijyb
   628 | D:2      | Reached XP level 3. HP: 33/33 MP: 2/2
   724 | D:2      | Reached skill level 4 in Axes
   950 | D:2      | Reached XP level 4. HP: 40/40 MP: 3/3
  1484 | D:3      | Found a glowing drain.
  1605 | Sewer    | Entered a sewer
  1615 | Sewer    | Reached skill level 5 in Axes
  1618 | Sewer    | Reached XP level 5. HP: 42/47 MP: 4/4
  2704 | D:4      | Gained mutation: You are agile. (Dex +2) [potion of beneficial mutation]
  2719 | D:4      | Noticed Sigmund
  2723 | D:4      | Killed Sigmund
  2723 | D:4      | Reached skill level 5 in Fighting
  2723 | D:4      | Reached skill level 6 in Axes
  2723 | D:4      | Reached skill level 5 in Armour
  2723 | D:4      | Reached XP level 6. HP: 52/56 MP: 5/5
  2951 | D:4      | Reached XP level 7. HP: 61/62 MP: 6/6
  2980 | D:4      | Reached skill level 7 in Axes
  3371 | D:5      | Entered Level 5 of the Dungeon
  3519 | D:5      | Reached skill level 8 in Axes
  3707 | D:5      | Reached XP level 8. HP: 67/71 MP: 7/7
  4082 | D:6      | Reached skill level 9 in Axes
  4294 | D:6      | Found a staircase to the Ecumenical Temple.
  4303 | Temple   | Entered the Ecumenical Temple
  4398 | Temple   | Became a worshipper of Makhleb the Destroyer
  4733 | D:7      | Reached skill level 10 in Axes
  4905 | D:7      | Noticed Dowan
  4906 | D:7      | Noticed Duvessa
  4910 | D:7      | Reached XP level 9. HP: 74/81 MP: 8/8
  4911 | D:7      | Killed Dowan
  4911 | D:7      | Killed Duvessa
  4992 | D:7      | Identified the Incunabulum of Summoning and Cold
  5227 | D:8      | Reached * piety under Makhleb
  5389 | D:8      | Identified a scroll of acquirement
  5536 | D:8      | Reached skill level 11 in Axes
  5698 | D:8      | Gained mutation: You possess an exceptional clarity of mind. [potion of beneficial mutation]
  5858 | D:9      | Found a staircase to the Lair.
  5859 | D:9      | Noticed a death yak
  5860 | D:9      | Noticed a death yak
  5949 | D:8      | Killed a death yak
  5949 | D:8      | Reached skill level 12 in Axes
  5949 | D:8      | Reached XP level 10. HP: 37/91 MP: 9/9
  6092 | D:8      | Reached ** piety under Makhleb
  6196 | D:9      | Killed a death yak
  6306 | D:9      | Reached skill level 10 in Fighting
  6373 | D:9      | Reached skill level 10 in Armour
  6421 | D:9      | Reached skill level 13 in Axes
  6692 | D:10     | Entered Level 10 of the Dungeon
  7132 | D:10     | Noticed a six-headed hydra
  7147 | D:10     | Killed a six-headed hydra
  7199 | D:10     | Noticed a gargoyle
  7212 | D:10     | Killed a gargoyle
  7297 | D:11     | Reached XP level 11. HP: 101/101 MP: 10/10
  7319 | D:11     | Noticed PurpleRed's ghost (journeyman MiFi)
  7341 | D:11     | Killed PurpleRed's ghost
  7341 | D:11     | Reached skill level 14 in Axes
  7375 | D:11     | Noticed a green ugly thing
  7386 | D:11     | Killed a green ugly thing
  7434 | D:11     | Learned a level 1 spell: Animate Skeleton
  7436 | D:11     | Learned a level 1 spell: Apportation
  7439 | D:11     | Learned a level 2 spell: Blink
  7442 | D:11     | Learned a level 2 spell: Repel Missiles
  7445 | D:11     | Learned a level 2 spell: Swiftness
  7523 | D:11     | Reached *** piety under Makhleb
  7594 | D:11     | Noticed a green ugly thing
  7598 | D:11     | Killed a green ugly thing
  8108 | D:11     | Found a staircase to the Orcish Mines.
  8218 | D:12     | Noticed a deep elf mage
  8222 | D:12     | Noticed a hill giant
  8222 | D:12     | Killed a deep elf mage
  8222 | D:12     | Reached skill level 15 in Axes
  8233 | D:12     | Killed a hill giant
  8367 | D:12     | Reached **** piety under Makhleb
  8472 | D:12     | Noticed a hill giant
  8490 | D:12     | Killed a hill giant
  8557 | D:12     | Noticed an eight-headed hydra
  8566 | D:12     | Killed an eight-headed hydra
  8671 | D:12     | Reached XP level 12. HP: 101/112 MP: 11/11
  8825 | D:13     | Reached skill level 16 in Axes
  9001 | D:13     | Noticed a death knight
  9308 | D:13     | Found a basalt altar of Yredelemnul.
  9560 | D:13     | Noticed a vault guard
  9561 | D:13     | Noticed a centaur warrior
  9562 | D:13     | Noticed a vault guard
  9563 | D:13     | Noticed a vault guard
  9573 | D:13     | Reached ***** piety under Makhleb
  9581 | D:13     | Killed a centaur warrior
  9581 | D:13     | Reached skill level 17 in Axes
  9590 | D:13     | Slain by a vault guard

Vault maps used:
D:1:      minmay_arrival_arboretum_small
D:2:      uniq_iyjb
D:3:      kennysheep_slugbush, portal_sewer_entry_c
D:4:      serial_forest, infiniplex_forest_straight_2,
          infiniplex_forest_diagonal, infiniplex_forest_straight_4,
          infiniplex_forest_clump_tiny, infiniplex_forest_end_1,
          infiniplex_forest_straight_3, infiniplex_forest_straight_2,
          infiniplex_forest_clump_cross, infiniplex_forest_lined_2, uniq_sigmund
D:5:      first_bread
D:7:      uniq_duvessa
D:9:      dpeg_lair_monsters
D:11:     orc_0_dummy, serial_glass, glass_columns_a, glass_columns_c,
          glass_columns_c, glass_columns_a, glass_columns_b, glass_columns_a,
          glass_columns_a, glass_columns_c, glass_columns_a, glass_columns_a,
          glass_columns_a, glass_columns_a, glass_columns_a, glass_columns_b
D:13:     lightli_vaults_fourway_checkpoint, basic_altar, spider_trap,
          minmay_misc_feat_more_columns
Temple:   kilobyte_greek_temple
Sewer:    sewer_co_scattered_pipes

Skill      XL: |  1  2  3  4  5  6  7  8  9 10 11 12 |
---------------+-------------------------------------+-----
Axes           | 3 4 5 6 8 10 12 13 15 17 | 17.0
Fighting       | 4 5 6 8 9 10 12 13 | 13.0
Armour         | 4 5 6 7 9 10 11 12 | 12.7
Shields        | |  3.6

Action                   |  1- 3 |  4- 6 |  7- 9 | 10-12 || total
-------------------------+-------+-------+-------+-------++-------
Melee: War axe           |    57 |   128 |   235 |   412 ||   832
       Headbutt          |     9 |    20 |    48 |   104 ||   181
       Flail             |       |       |       |    11 ||    11
Evoke: Wand              |       |       |     3 |       ||     3
  Use: Scroll            |       |    11 |    11 |     9 ||    31
       Potion            |       |     1 |     1 |     3 ||     5
 Stab: Distracted        |       |       |     1 |       ||     1
  Eat: Chunk             |       |     7 |    10 |     7 ||    24
       Fruit             |       |       |       |     2 ||     2
       Beef jerky        |       |       |       |     5 ||     5
Armor: Scale mail        |    15 |    36 |    10 |       ||    61
       Chain mail        |       |       |    20 |   108 ||   128
       Plate armour      |       |       |    75 |   108 ||   183
Dodge: Dodged            |     9 |    40 |    48 |    79 ||   176
Block: Shield            |    28 |    66 |   106 |   174 ||   374
